 Dungeon Crawl Stone Soup version 0.22.2-1-ge965b3aba3 (webtiles) character file.

37 theanonym the Vexing (level 3, 0/26 HPs)
             Began as a Mummy Enchanter on Aug 31, 2021.
             Slain by an adder (1 damage)
             ... on level 2 of the Dungeon.
             The game lasted 00:01:04 (1108 turns).

theanonym the Vexing (Mummy Enchanter)              Turns: 1108, Time: 00:01:05

Health: 0/26       AC:  3    Str: 12    XL:     3   Next: 23%
Magic:  7/7        EV: 12    Int: 14    God:
Gold:   40         SH:  0    Dex: 12    Spells: 6/7 levels left

rFire    x . .     SeeInvis .   a - +2 dagger
rCold    + . .     Gourm    .   (no shield)
rNeg     + + +     Faith    .   b - +1 robe
rPois    ∞         Spirit   .   (no helmet)
rElec    .         Reflect  .   (no cloak)
rCorr    .         Harm     .   (no gloves)
MR       .....                  (no boots)
Stlth    ++........             (no amulet)
HPRegen  0.08/turn              (no ring)
MPRegen  0.10/turn              (no ring)

@: no status effects
A: no food or potions, fire vulnerability, cold resistance 1, negative energy
resistance 3, torment resistance, unbreathing
a: no special abilities


Innate Abilities, Weirdness & Mutations

You do not eat or drink.
Your flesh is vulnerable to fire.
You are immune to poison.
Your flesh is cold resistant. (rC+)
You are immune to negative energy. (rN+++)
You are immune to unholy pain and torment.
You can survive without breathing.


   Skills:
 + Level 1.4 Fighting
 * Level 2.1 Short Blades
 - Level 1.5 Dodging
 - Level 2.4 Stealth
 - Level 2.6 Spellcasting
 - Level 2.6 Hexes


You had 6 spell levels left.
You knew the following spells:

 Your Spells              Type           Power        Failure   Level  Hunger
a - Corona                Hex            #......      8%          1    N/A

Your spell library contained the following spells:

 Spells                   Type           Power        Failure   Level  Hunger
 Ensorcelled Hibernation  Hex/Ice        #.....       19%         2    N/A
 Confuse                  Hex            #.......     22%         3    N/A
 Tukima's Dance           Hex            #.......     22%         3    N/A
 Dazzling Spray           Conj/Hex       #.....       36%         3    N/A

Skill      XL: |  1  2 |
---------------+-------+-----
Short Blades   | 1 2 |  2.1
Fighting       | 1 |  1.4
Dodging        | |  1.5
Stealth        | |  2.4
Spellcasting   | |  2.6
Hexes          | |  2.6

Action                   || total
-------------------------++-------
Melee: Dagger            ||    80
  Use: Scroll            ||     3
 Stab: Sleeping          ||     3
Armor: Robe              ||    17
Dodge: Dodged            ||    46

Inventory:

Hand Weapons
 a - a +2 dagger (weapon)
Armour
 b - a +1 robe (worn)
Scrolls
 f - a scroll of immolation {unknown}


You were on level 2 of the Dungeon.
You were not hungry.

You visited 1 branch of the dungeon, and saw 2 of its levels.

You collected 40 gold pieces.

Dungeon Overview and Level Annotations

Branches:
Dungeon (2/15)

Altars:

#......#.#.#.####.#.#.#.#.#.
#...<..#.#......#.......#.#.
#...............#≈.....≈###.
#.†....#........#≈≈...)≈#...
#......#######..##≈≈#≈≈##...
#......# #......#######....
#......# #.##....#####.....
#......# #.##..............
........# #@############....
############S##### #...<
#...w....# ##... #........#
#... #........# #...
..........[# ##..
...........# #..
#...........# #..
#...........# ###


You could see a worm and an adder.

Notes
Turn   | Place    | Note
-------+----------+-------------------------------------------
     0 | D:1      | theanonym the Mummy Enchanter began the quest for the Orb.
     0 | D:1      | Reached XP level 1. HP: 13/13 MP: 4/4
    39 | D:1      | Reached skill level 1 in Short Blades
   151 | D:1      | Reached XP level 2. HP: 18/20 MP: 5/5
   254 | D:1      | HP: 8/20 [kobold (4)]
   255 | D:1      | Reached skill level 1 in Fighting
   782 | D:2      | HP: 9/21 [adder (3)]
   784 | D:2      | Reached skill level 2 in Short Blades
   784 | D:2      | Reached XP level 3. HP: 11/26 MP: 7/7
  1101 | D:2      | HP: 9/26 [worm (9)]
  1107 | D:2      | HP: 1/26 [adder (4)]
  1108 | D:2      | Slain by an adder

Vanquished Creatures
  An adder (D:2)
  A worm (D:2)
  A dart slug (D:1)
  A leopard gecko (D:1)
  4 bats (D:1)
  3 goblins
  A hobgoblin (D:1)
  2 frilled lizards (D:1)
  5 kobolds
  3 rats
22 creatures vanquished.

Table legend:
 A = Turns spent in this place as a percentage of turns spent in the entire game.
 B = Non-inter-level travel turns spent in this place as a percentage of non-inter-level travel turns spent in the entire game.
 C = Inter-level travel turns spent in this place as a percentage of turns spent in this place.
 D = Turns resting spent in this place as a percentage of non-inter-level travel turns spent in this place.
 E = Turns spent auto-exploring this place as a percentage of non-inter-level travel turns spent in this place.
 F = Non-inter-level travel turns spent in this place divided by the number of levels of this place that you've seen.
                   A       B       C       D       E      F
               +-------+-------+-------+-------+-------+----------------------
         Total | 100.0 | 100.0 |   1.4 |  42.0 |  41.8 | 546.0
       Dungeon | 100.0 | 100.0 |   1.4 |  42.0 |  41.8 | 546.0
               +-------+-------+-------+-------+-------+----------------------
